 Dungeon Crawl Stone Soup version 0.31-a0-150-g89dc3ad700 (webtiles) character file.

Game seed: 12588865746345337146

3 qw the Shooter (level 1, 0/12 HPs)
             Began as a Gargoyle Hunter on June 8, 2023.
             Frozen to death by an endoplasm (1 damage)
             ... on level 1 of the Dungeon.
             The game lasted 00:00:00 (33 turns).

qw the Shooter (Gargoyle Hunter)                      Turns: 33, Time: 00:00:01

Health: 0/12       AC:  5    Str: 14    XL:     1   Next: 50%
Magic:  1/1        EV: 11    Int:  9    God:
Gold:   0          SH:  0    Dex: 13    Spells: 0/0 levels left

rFire   . . .        a - +0 shortbow
rCold   . . .        (shield currently unavailable)
rNeg    + . .        c - +0 leather armour
rPois   inf          (no helmet)
rElec   +            (no cloak)
rCorr   .            (no gloves)
SInv    .            (no boots)
Will    .....        (no amulet)
Stlth   +            (no ring)
HPRegen 0.22/turn    (no ring)
MPRegen 0.07/turn

%: no passive effects
@: no status effects
A: sickness immunity, AC +2, negative energy resistance 1, electricity
resistance, torment resistance 1, petrification resistance
a: no special abilities


You were on level 1 of the Dungeon.
You visited 1 branch of the dungeon, and saw 1 of its levels.


Innate Abilities, Weirdness & Mutations

You are immune to sickness and miasma.
Your stone body is resilient. (AC +2)
You are immune to poison.
You resist negative energy. (rN+)
You are resistant to electric shocks. (rElec)
You are resistant to unholy torment.
You are immune to petrification.


   Skills:
 - Level 2.1 Fighting
 + Level 4.2 Ranged Weapons
 - Level 1.5 Dodging
 - Level 1.1 Stealth


You couldn't memorise any spells.
You didn't know any spells.
Your spell library was empty.

Inventory:

Hand Weapons
 a - a +0 shortbow (weapon)
Armour
 c - a +0 leather armour (worn)
Scrolls
 b - a scroll of butterflies
Potions
 d - a potion of magic {unknown}

Dungeon Overview and Level Annotations

Branches:
Dungeon (1/15)

Altars:


Message History

The arrow hits the frilled lizard.
You kill the frilled lizard!
The goblin shouts!
A bat comes into view.
You hear an angry hiss.
You shoot an arrow.
The arrow closely misses the ball python.
The ball python closely misses you. The ball python misses you.
You shoot an arrow.
The arrow barely misses the ball python.
The bat barely misses you. The ball python misses you.
The ball python closely misses you. The hobgoblin closely misses you.
The ball python bites you but does no damage.
The ball python closely misses you.
You shoot an arrow. The arrow hits the ball python.
You kill the ball python!
The bat hits you but does no damage. The hobgoblin closely misses you.
The bat barely misses you. The hobgoblin closely misses you.
A rat comes into view.
The goblin hits you but does no damage. The endoplasm barely misses you.
You shoot an arrow. The arrow barely misses the goblin.
The bat hits you but does no damage.
A ball python comes into view.
The endoplasm hits you.
The hobgoblin hits you but does no damage.
The goblin hits you but does no damage.
You shoot an arrow. The arrow hits the goblin.
You kill the goblin!
The bat barely misses you. The endoplasm hits you. The hobgoblin misses you.
You shoot an arrow. The arrow barely misses the endoplasm.
The bat hits you but does no damage. The endoplasm hits you.
The hobgoblin closely misses you.
You shoot an arrow. The arrow completely misses the bat.
The arrow hits the rat.
You kill the rat!
The bat hits you. The endoplasm freezes you.
You are frozen.
The hobgoblin barely misses you. The endoplasm freezes you.
You are frozen.
You die...

#.##.####.#
###....#$...#
#............
#............
+............
#............
#...Jg).S....
#....@.b.....
#######.....#
....# ...#
..# ##


You could see an endoplasm, a hobgoblin, a bat and a ball python.

Vanquished Creatures
  A ball python (D:1)
  A goblin (D:1)
  A frilled lizard (D:1)
  A rat (D:1)
4 creatures vanquished.

Notes
Turn   | Place    | Note
-------+----------+-------------------------------------------
     0 | D:1      | qw the Gargoyle Hunter began the quest for the Orb.
     0 | D:1      | Reached XP level 1. HP: 12/12 MP: 1/1
     0 | D:1      | 0 ||| qw: Version: 0.2-a-120-gdf1a93b
     0 | D:1      | 0 ||| qw: Game counter: 3006
     0 | D:1      | 0 ||| qw: Always use a shield: true
     0 | D:1      | 0 ||| qw: God list: Okawaru
     0 | D:1      | 0 ||| qw: Allow faded altars: false
     0 | D:1      | 0 ||| qw: Do Orc after D:15 true
     0 | D:1      | 0 ||| qw: Do second Lair branch before Depths: true
     0 | D:1      | 0 ||| qw: Lair rune preference: random
     0 | D:1      | 0 ||| qw: Plans: Normal
     0 | D:1      | 0 ||| PLANNING D:1-11
    33 | D:1      | HP: 1/12 [frozen (3)]
    33 | D:1      | Frozen to death by an endoplasm

Levels and vault maps discovered:
D:1:      dpeg_arrival_houses_and_road, layout_basic,
          dilly_ecumenical_altar_fadedgnrine, grunt_decor_arrowhead

Action                     || total
---------------------------++-------
   Fire: Shortbow          ||     8
 Armour: Leather armour    ||     7
  Dodge: Dodged            ||    15

Table legend:
 A = Non-vault XP
 B = Vault XP
 C = Vault XP percentage of total XP
 D = Non-vault monster count
 E = Vault monster count
 F = Vault count percentage of total count
                 A         B        C        D         E       F
            +---------+---------+-------+---------+---------+-------
      Total |       6 |       0 |   0.0 |       4 |       0 |   0.0
            +---------+---------+-------+---------+---------+-------
        D:1 |       6 |       0 |   0.0 |       4 |       0 |   0.0
            +---------+---------+-------+---------+---------+-------
